AoeStats
← Chlupinek

African Clearing

505501212Analyzed
4v4 RM · 21d ago on Sep 9, 2026· 35m 8s· 8 players
Game mode
Random Map
Map size
Large (8 player)
Population
200
Speed
Normal
Resources
Standard
Victory
Conquest
Starting age
Dark Age
Ending age
Imperial Age
RankedLock teamsTeams togetherTeam positionsShared explorationLock speedFull tech treeHidden civsTurbo modeCheats
Victory
Defeat
🇫🇷 Cumans · France
1622
+16
🇹🇷 Mongols · Türkiye
1607
+16
🇨🇿 Spanish · Czechia
1605
+17
🇩🇪 Lithuanians · Germany
1605
+17
🇨🇳 Mongols · China
1646
-18
🇺🇸 Saracens · United States
1639
-17
🇭🇰 Persians · Hong Kong SAR China
1621
-17
🇦🇷 Georgians · Argentina
1564
-14
Chlupinek
9:27 Loom
12:02 Feudal Age
12:21 Loom
16:23 Castle Age
15:08 Double-Bit Axe
35:05 Wheelbarrow
Minimath
6:23 Loom
12:12 Feudal Age
12:59 Double-Bit Axe
14:13 Horse Collar
20:57 Castle Age
19:32 Scale Barding Armor
20:08 Bloodlines
26:37 Chain Barding Armor
35:28 Bow Saw
Matzeking
12:25 Feudal Age
13:27 Loom
14:30 Double-Bit Axe
16:48 Castle Age
18:02 Bow Saw
19:05 Horse Collar
21:33 Wheelbarrow
22:45 Town Watch
24:13 Fletching
27:00 Hand Cart
28:52 Heavy Plow
29:21 Gold Mining
29:22 Stone Mining
30:00 Scale Barding Armor
33:00 Imperial Age
31:20 Forging
32:05 Husbandry
32:16 Bloodlines
33:19 Chain Barding Armor
33:35 Iron Casting
33:22 Elite Leitis
34:59 Plate Barding Armor
Jugband
9:56 Loom
12:41 Feudal Age
17:26 Castle Age
15:22 Double-Bit Axe
16:58 Horse Collar
18:03 Town Watch
19:11 Bow Saw
22:20 Fletching
24:00 Bodkin Arrow
27:35 Wheelbarrow
30:08 Padded Archer Armor
31:04 Ballistics
33:20 Bloodlines
33:13 Husbandry
Morris=w=
5:53 Loom
12:10 Feudal Age
13:45 Double-Bit Axe
17:19 Wheelbarrow
19:04 Scale Barding Armor
19:12 Forging
19:26 Horse Collar
21:11 Bloodlines
22:21 Town Watch
26:40 Castle Age
25:34 Gold Mining
27:31 Husbandry
27:59 Chain Barding Armor
33:08 Bow Saw
[CL] Feargoras
7:51 Loom
10:50 Feudal Age
9:09 Loom
12:20 Double-Bit Axe
16:03 Forging
22:35 Castle Age
24:41 Bow Saw
24:47 Fletching
25:39 Elite Skirmisher
30:28 Bodkin Arrow
32:31 Ballistics
KaLong
5:10 Loom
13:38 Feudal Age
18:07 Castle Age
18:02 Double-Bit Axe
19:46 Horse Collar
23:24 Sanctity
爱人跟人走
12:19 Feudal Age
16:00 Castle Age
13:57 Double-Bit Axe
14:05 Gold Mining
15:06 Fletching
17:07 Bow Saw
16:43 Loom
17:53 Gold Shaft Mining
18:57 Bodkin Arrow
23:20 Ballistics
24:03 Padded Archer Armor
26:14 Stone Mining
26:36 Horse Collar
28:40 Heavy Plow
31:17 Wheelbarrow
30:27 Town Watch
34:49 Imperial Age
33:05 Husbandry
33:16 Bloodlines
34:08 Leather Archer Armor
34:36 Thumb Ring
35:34 Bracer
Connection lost

Rejoining the realm…

Still unreachable

The connection could not be restored.

Session expired

The server has moved on; the page needs a fresh start.